 Dungeon Crawl Stone Soup version 0.24-a0-269-g32ec7ca (webtiles) character file.

Game seed: 13640390190775037290

619 Hylith the Skirmisher (level 7, -4/44 HPs)
             Began as a Gargoyle Fighter on Apr 21, 2019.
             Slain by Blork the orc
             ... wielding a +0 halberd of holy wrath
              (11 damage)
             ... on level 4 of the Dungeon.
             The game lasted 00:05:06 (2726 turns).

Hylith the Skirmisher (Gargoyle Fighter)            Turns: 2726, Time: 00:05:06

Health: -4/44      AC: 13    Str: 26    XL:     7   Next: 46%
Magic:  8/8        EV:  8    Int:  9    God:
Gold:   132        SH: 10    Dex:  9    Spells: 6/6 levels left

rFire    . . .     SeeInvis +   B - +2 whip (freeze)
rCold    . . .     Gourm    .   c - +0 shield
rNeg     + . .     Faith    .   b - +0 scale mail
rPois    ∞         Spirit   .   (no helmet)
rElec    +         Reflect  .   (no cloak)
rCorr    .         Harm     .   e - +0 pair of gloves (curse)
MR       .....                  (no boots)
Stlth    ..........             (no amulet)
HPRegen  0.14/turn              o - ring of wizardry
MPRegen  0.11/turn              (no ring)

@: mighty
A: see invisible, negative energy resistance 1, electricity resistance,
unbreathing, petrification resistance, rot immunity, MP-powered wands, AC +4
a: no special abilities


You were on level 4 of the Dungeon.
You were not hungry.

You visited 1 branch of the dungeon, and saw 4 of its levels.

You collected 132 gold pieces.

Inventory:

Hand Weapons
 a - a +0 flail
 i - a +4 dagger of venom
 B - a +2 whip of freezing (weapon)
Armour
 b - a +0 scale mail (worn)
 c - a +0 shield (worn)
 e - a cursed +0 pair of gloves (worn)
Magical Staves
 r - an uncursed staff of death
Jewellery
 o - a ring of wizardry (left hand)
 A - a cursed ring of teleportation {unknown}
Wands
 s - a wand of random effects (27)
Scrolls
 g - 3 scrolls of enchant weapon {unknown}
 h - a scroll of immolation {unknown}
 m - a scroll of teleportation {unknown}
 n - 2 scrolls of magic mapping {unknown}
 p - a scroll of remove curse {unknown}
 q - 2 scrolls of enchant armour {unknown}
 v - 2 scrolls of identify {unknown}
 x - 2 scrolls of amnesia {unknown}
 y - a scroll of blinking {unknown}
Potions
 d - a potion of might
 j - a potion of lignification {unknown}
 k - a potion of haste {unknown}
 l - a potion of berserk rage {unknown}
 t - a potion of mutation
 w - 2 potions of resistance {unknown}
 z - a potion of brilliance {unknown}
Comestibles
 f - 4 rations


   Skills:
 * Level 5.5 Fighting
 * Level 4.5 Maces & Flails
 - Level 4.0 Armour
 * Level 5.5 Shields
 + Level 1.9 Evocations


You had 6 spell levels left.
You didn't know any spells.
Your spell library was empty.

Dungeon Overview and Level Annotations

Branches:
Dungeon (4/15)
 Temple: D:4-7

Altars:
Fedhas
Kikubaaqudgha
Trog
Xom

Annotations:
D:4 Blork the orc


Innate Abilities, Weirdness & Mutations

You are resistant to torment.
Your stone body is resilient. (AC +4)
You are immune to poison.
You resist negative energy. (rN+)
You are resistant to electric shocks. (rElec)
You can survive without breathing.
You are immune to petrification.
You are immune to rotting.
You have supernaturally acute eyesight. (SInv)
You expend magic power (3 MP) to strengthen your wands.


Message History

You barely miss something. Something hits you.
* * * LOW HITPOINT WARNING * * *
Unknown command.
You hit something. You freeze something.
You hear a zap.
A puff of flame appears from out of thin air!
The puff of flame hits you!
* * * LOW HITPOINT WARNING * * *
It was a potion of mutation.
You feel extremely strange.
Your vision sharpens.
Reactivating autopickup.
You feel your magical essence link to your wands.
Blork the orc zaps a wand.
You block the puff of flame.
You hit Blork the orc. You freeze Blork the orc.
Blork the orc is almost dead.
Blork the orc screams, "I'll drink your blood!
Soon!"
You block Blork the orc's attack.
You feel very mighty all of a sudden.
Blork the orc hits you with a +0 halberd of holy wrath!
You die...

### #########.# ######
#........## #..@.##
###.....## ......##o.#
##....# ...####.#.##
#.p##.## .
##..##.####.##...###
#..........##p.##.....[
#.#..##....#..###....##
.... #.......# #..###
.o..# #.......###.##
#(...# #........##..#


You could see Blork the orc (invisible).

Vanquished Creatures
  Pikel (D:4)
  Crazy Yiuf (D:2)
  A worker ant (D:4)
  2 gnolls (D:4)
  2 adders
  2 worms
  4 dart slugs
  2 leopard geckos
  5 giant cockroaches
  8 goblins
  9 hobgoblins
  5 jackals
  A kobold (D:3)
  2 quokkas
  A ball python (D:2)
  4 bats
  A frilled lizard (D:2)
  A quokka skeleton (D:4)
  4 rats
56 creatures vanquished.

Notes
Turn   | Place    | Note
-------+----------+-------------------------------------------
     0 | D:1      | Hylith the Gargoyle Fighter began the quest for the Orb.
     0 | D:1      | Reached XP level 1. HP: 14/14 MP: 1/1
   165 | D:1      | Reached XP level 2. HP: 9/19 MP: 2/2
   639 | D:2      | Reached XP level 3. HP: 24/24 MP: 3/3
   678 | D:2      | Found a blossoming altar of Fedhas.
  1043 | D:2      | Reached XP level 4. HP: 29/29 MP: 4/4
  1077 | D:2      | Found a runed translucent door.
  1078 | D:2      | Noticed Crazy Yiuf
  1208 | D:2      | Killed Crazy Yiuf
  1323 | D:2      | Found a bloodstained altar of Trog.
  1538 | D:3      | Found a shimmering altar of Xom.
  1667 | D:3      | Found an ancient bone altar of Kikubaaqudgha.
  2220 | D:4      | Reached XP level 5. HP: 32/33 MP: 5/5
  2473 | D:4      | Noticed a slave
  2473 | D:4      | Noticed Pikel
  2474 | D:4      | Noticed a slave
  2474 | D:4      | Noticed a slave
  2475 | D:4      | Noticed a slave
  2504 | D:4      | Killed Pikel
  2504 | D:4      | Reached skill level 5 in Fighting
  2504 | D:4      | Reached skill level 5 in Shields
  2504 | D:4      | Reached skill level 1 in Evocations
  2504 | D:4      | Reached XP level 6. HP: 20/40 MP: 5/7
  2504 | D:4      | Reached XP level 7. HP: 22/44 MP: 5/8
  2701 | D:4      | Noticed Blork the orc
  2724 | D:4      | Gained mutation: You have supernaturally acute eyesight.
                  | (SInv) [potion of mutation]
  2724 | D:4      | Gained mutation: You expend magic power (3 MP) to
                  | strengthen your wands. [potion of mutation]
  2726 | D:4      | Slain by Blork the orc

Levels and vault maps discovered:
D:1:      psy_arrival_statuary, layout_basic
D:2:      layout_basic, lemuel_crystal_altar, bloody_trog, minmay_pentomino_s2,
          uniq_crazy_yiuf_cottage
D:3:      layout_loops_ring, marbit_many_paths, nicolae_overflow_crystal_walls,
          first_ration
D:4:      layout_layer_cave, minitemple, sigmund_army, uniq_blork_the_orc,
          uniq_grinder, uniq_pikel

Skill      XL: |  1  2  3  4  5 |
---------------+----------------+-----
Fighting       | 4 5 |  5.5
Armour         | 4 |  4.0
Shields        | 4 5 |  5.5
Maces & Flails | 3 4 |  4.5
Evocations     | 1 |  1.9

Action                   |  1- 3 |  4- 6 |  7- 9 || total
-------------------------+-------+-------+-------++-------
Melee: Flail             |    58 |       |       ||    58
       Dagger            |    63 |    82 |       ||   145
       Whip              |       |       |    14 ||    14
  Use: Potion            |       |       |     2 ||     2
  Eat: Chunk             |     1 |     4 |     1 ||     6
Armor: Scale mail        |    66 |    30 |     4 ||   100
Dodge: Dodged            |    28 |     9 |     1 ||    38
Block: Shield            |    50 |    38 |     4 ||    92

Table legend:
 A = Non-vault XP
 B = Vault XP
 C = Vault XP percentage of total XP
 D = Non-vault monster count
 E = Vault monster count
 F = Vault count percentage of total count
                 A         B        C        D         E       F
            +---------+---------+-------+---------+---------+-------
      Total |     186 |     699 |  79.0 |      51 |       5 |   8.9
            +---------+---------+-------+---------+---------+-------
        D:1 |      31 |       0 |   0.0 |      16 |       0 |   0.0
        D:2 |      47 |      46 |  49.5 |      17 |       3 |  15.0
        D:3 |      16 |       2 |  11.1 |       7 |       1 |  12.5
        D:4 |      92 |     651 |  87.6 |      11 |       1 |   8.3
            +---------+---------+-------+---------+---------+-------
